Inferno vs Harfangs
Created - March 8, 2020 at 09:49
Goals
|
| Inferno |
2 |
1 |
1 |
4 |
| Harfangs |
1 |
0 |
1 |
2 |
|
Shots
|
| Inferno |
7 |
11 |
10 |
28 |
| Harfangs |
5 |
8 |
10 |
23 |
|
1st period
1. Inferno , Tyler Shattock 10 (Ryan Spooner 4, Colby Robak 31) at 5:33
2. Inferno , Kevin Labanc 17 (Tanner Pearson 41) at 7:47 (PP)
3. Harfangs , Nick Shore 21 (Erik Nystrom 13) at 19:56
Penalties :
Tyler Brenner (BEA) for Spearing (Major / Game Misconduct) at 7:41
2nd period
4. Inferno , Victor Rask 12 (Christian Folin 24, Colby Robak 32) at 2:13 (PP)
Penalties :
Michael Bournival (BEA) for Butt-ending (Major / Game Misconduct) at 1:44, Anders Lee (Anc) for Roughing (Minor) at 6:54, Ryan Spooner (Anc) for Boarding (Minor) at 9:45, Brenden Kichton (BEA) for Diving (Minor) at 13:25
3rd period
5. Inferno , Anders Lee 31 (Kevin Labanc 29, Tanner Pearson 42) at 0:11
6. Harfangs , Brenden Kichton 2 (Calle Jarnkrok 52, Brandon McMillan 25) at 7:14 (PP)
Penalties :
David Savard (Anc) for Holding (Minor) at 6:26, Sven Andrighetto (BEA) for Goalie Interference (Minor) at 7:47
Goalie Stats
Christopher Gibson (Anc), 21 saves from 23 shots - (0.913), W, 19-11-1, 60:00 minutes
Anton Forsberg (BEA), 9 saves from 9 shots - (1.000), 19:49 minutes
Ilya Sorokin (BEA), 15 saves from 19 shots - (0.789), L, 12-9-2, 40:11 minutes
Players Stats for Inferno
Player Name G A P +/- PIM S H SB GA TA FO MP PP MP PK MP
------------------------------------------------------------------------------------
Anders Lee 1 0 1 1 2 3 2 2 0 0 10/24 21:03 6:09 0:48
Christian Folin 0 1 1 -1 0 3 2 0 0 0 0/0 20:46 5:39 1:49
Colby Robak 0 2 2 1 0 0 2 3 0 0 0/0 26:29 7:19 3:03
David Savard 0 0 0 2 2 3 3 0 0 0 0/0 25:05 7:19 2:15
Esa Lindell 0 0 0 0 0 0 0 0 0 0 0/0 18:26 5:23 0:00
Kevin Labanc 1 1 2 1 0 4 1 0 0 0 1/1 18:51 6:10 0:00
Mathieu Brodeur 0 0 0 0 0 1 1 0 0 0 0/0 15:10 0:37 2:25
Matt Kassian 0 0 0 -1 0 1 1 1 0 0 1/2 17:28 5:43 1:23
Matthew Nieto 0 0 0 0 0 2 2 0 1 0 0/0 12:10 2:04 0:43
Oliver Bjorkstrand 0 0 0 0 0 0 2 0 0 0 1/1 13:39 5:43 0:00
Peter Cehlarik 0 0 0 1 0 0 1 1 0 0 0/0 9:50 0:45 0:00
Petteri Lindbohm 0 0 0 0 0 0 0 1 0 0 0/0 13:27 1:35 0:00
Philip Varone 0 0 0 -1 0 3 2 0 0 0 8/12 14:48 1:23 2:54
Ryan Spooner 0 1 1 1 2 1 1 0 0 0 2/2 9:16 0:00 0:02
Tanner Pearson 0 2 2 1 0 2 4 0 0 0 1/2 19:07 6:17 0:00
Tyler Shattock 1 0 1 1 0 3 2 0 0 0 1/1 11:09 1:51 0:00
Victor Rask 1 0 1 0 0 2 2 0 1 0 0/1 14:53 5:43 0:48
Vladimir Zharkov 0 0 0 -1 0 0 1 1 0 0 2/3 13:34 0:00 2:54
Players Stats for Harfangs
Player Name G A P +/- PIM S H SB GA TA FO MP PP MP PK MP
------------------------------------------------------------------------------------
Brandon McMillan 0 1 1 0 0 3 2 1 0 0 0/0 13:34 1:12 0:34
Brenden Kichton 1 0 1 -1 2 1 4 1 0 0 0/0 19:53 1:42 4:42
Calle Jarnkrok 0 1 1 0 0 0 0 1 0 1 5/10 16:50 1:12 4:29
Cristoval Nieves 0 0 0 -1 0 0 0 1 0 0 4/5 15:16 1:18 4:10
Devon Teows 0 0 0 0 0 1 0 0 0 0 0/0 13:21 0:06 0:46
Dylan Olsen 0 0 0 0 0 2 0 1 0 0 0/0 26:33 2:58 7:14
Erik Nystrom 0 1 1 1 0 0 1 0 0 0 1/4 14:53 0:00 5:19
Jake Dotchin 0 0 0 -1 0 0 2 1 0 0 0/0 20:56 1:42 6:21
Michael Bournival 0 0 0 0 15 1 1 0 0 0 0/0 7:03 0:00 2:10
Morgan Klimchuk 0 0 0 -1 0 0 3 0 0 1 0/0 15:59 1:18 4:22
Nick Shore 1 0 1 0 0 4 3 1 0 0 1/4 17:08 2:16 0:57
Nick Sorensen 0 0 0 -1 0 0 1 0 0 0 0/0 10:18 0:47 0:00
Reid McNeill 0 0 0 0 0 2 3 1 0 0 0/0 25:36 3:04 6:39
Rinat Valiev 0 0 0 0 0 1 0 0 0 0 0/0 14:17 0:00 2:10
Ryan Hartman 0 0 0 0 0 1 5 1 0 0 0/0 11:33 1:12 0:00
Sven Andrighetto 0 0 0 0 2 1 3 1 0 0 5/14 17:11 2:16 0:00
Tyler Brenner 0 0 0 0 15 1 0 0 0 0 2/4 2:13 0:00 0:00
Tyler Randell 0 0 0 -1 0 5 2 0 0 0 4/8 23:26 2:47 5:51
3 Stars
1 - Kevin Labanc (Anc)
2 - Tanner Pearson (Anc)
3 - Colby Robak (Anc)
Power Play
Inferno - 2 on 6 Attempt(s) - 33.33%
Harfangs - 1 on 3 Attempt(s) - 33.33%
Penalty Kill
Inferno - 2 on 3 Attempt(s) - 66.67%
- Score 0 goal in Penalty Kill
Harfangs - 4 on 6 Attempt(s) - 66.67%
- Score 0 goal in Penalty Kill
Team Stat
Inferno - Hits : 29 - Faceoff Wins : 27 - Blocked Shots : 9 - Penalty Minutes : 6
Harfangs - Hits : 30 - Faceoff Wins : 22 - Blocked Shots : 10 - Penalty Minutes : 34
Official
Referees : Unknown
Linesman : Unknown
Game Notes
Tyler Brenner ejected from game at 7:41 of 1st period
Michael Bournival ejected from game at 1:44 of 2nd period
Michael Bournival from Harfangs is suspended for 1 game(s)
Anton Forsberg enters game at 0:11 of 3rd period
Finance
Level 1 -- Attendance: 1712 (85.60%) -- Ticket Income $58,208
Level 2 -- Attendance: 716 (71.60%) -- Ticket Income $13,604
Total Attendance: 2428 (80.93%)
Total Ticket Income: $71,812
Other Income: $3,591
Total Income: $75,403
Inferno
5 vs 5 Forward
Center Left Wing Right Wing Time % Phy DF OF
1 Anders Lee Tanner Pearson Kevin Labanc 40 1 2 2
2 Philip Varone Matt Kassian Vladimir Zharkov 30 1 2 2
3 Victor Rask Matthew Nieto Oliver Bjorkstrand 20 1 2 2
4 Ryan Spooner Peter Cehlarik Tyler Shattock 10 1 2 2
5 vs 5 Defense
Defense Defense Time % Phy DF OF
1 Colby Robak David Savard 40 1 2 2
2 Esa Lindell Christian Folin 30 1 2 2
3 Mathieu Brodeur Petteri Lindbohm 20 1 2 2
4 Colby Robak Christian Folin 10 1 2 2
PowerPlay Forward
Center Left Wing Right Wing Time % Phy DF OF
1 Anders Lee Tanner Pearson Kevin Labanc 60 1 2 2
2 Victor Rask Matt Kassian Oliver Bjorkstrand 40 1 2 2
PowerPlay Defense
Defense Defense Time % Phy DF OF
1 Colby Robak David Savard 60 1 2 2
2 Esa Lindell Christian Folin 40 1 2 2
Penalty Kill 4 Players Forward
Center Wing Time % Phy DF OF
1 Philip Varone Vladimir Zharkov 60 1 2 2
2 Anders Lee Matt Kassian 40 1 2 2
Penalty Kill 4 Players Defense
Defense Defense Time % Phy DF OF
1 Colby Robak David Savard 60 1 2 2
2 Mathieu Brodeur Christian Folin 40 1 2 2
Penalty Kill - 3 Players Forward
Forward Time % Phy DF OF
1 Philip Varone 60 1 2 2
2 Vladimir Zharkov 40 1 2 2
Penalty Kill - 3 Players Defense
Defense Defense Time % Phy DF OF
1 Colby Robak David Savard 60 1 2 2
2 Mathieu Brodeur Christian Folin 40 1 2 2
4 vs 4 Forward
Center Wing Time % Phy DF OF
1 Anders Lee Tanner Pearson 60 1 2 2
2 Victor Rask Vladimir Zharkov 40 1 2 2
4 vs 4 Defense
Defense Defense Time % Phy DF OF
1 Colby Robak David Savard 60 1 2 2
2 Esa Lindell Christian Folin 40 1 2 2
Last Minutes Offensive
Center Left Wing Right Wing Defense Defense
Anders Lee Tanner Pearson Vladimir Zharkov Colby Robak David Savard
Last Minutes Defensive
Center Left Wing Right Wing Defense Defense
Anders Lee Tanner Pearson Vladimir Zharkov Colby Robak David Savard
Goaltenders
Starting : Christopher Gibson
Backup : Michael Hutchinson
Extra Forwards
Normal : Anders Lee, Matthew Nieto, Kevin Labanc - PP : Oliver Bjorkstrand, Matthew Nieto - PK : Matt Kassian
Extra Defensemen
Normal : Esa Lindell, Mathieu Brodeur, Christian Folin - PP : Esa Lindell - PK : Mathieu Brodeur, Christian Folin
Penalty Shots
Anders Lee, Tanner Pearson, Matthew Nieto, Oliver Bjorkstrand, Victor Rask
Scratches
Chris Brown (Healthy), Frank Corrado (Healthy), Trevor Carrick (Healthy), Bryan Rust (Torn Right ACL Injury), Eric Karlsson (Healthy)
John Gilmour (Healthy), Vladimir Sobotka (Sprained Right Knee Injury), Ryan Donato (Healthy), Vladislav Kamenev (Healthy), Dominik Masin (Healthy)
Brandon Hickey (Healthy), Greg Pateryn (Healthy), Nathan Lieuwen (Healthy), Vitek Vanecek (Healthy)
Harfangs
5 vs 5 Forward
Center Left Wing Right Wing Time % Phy DF OF
1 Tyler Brenner Michael Bournival Tyler Randell 40 1 2 2
2 Calle Jarnkrok Brandon McMillan Ryan Hartman 30 1 2 2
3 Nick Shore Erik Nystrom Sven Andrighetto 20 1 2 2
4 Cristoval Nieves Morgan Klimchuk Nick Sorensen 10 1 2 2
5 vs 5 Defense
Defense Defense Time % Phy DF OF
1 Dylan Olsen Reid McNeill 40 1 2 2
2 Jake Dotchin Brenden Kichton 30 1 2 2
3 Devon Teows Rinat Valiev 20 1 2 2
4 Dylan Olsen Reid McNeill 10 1 2 2
PowerPlay Forward
Center Left Wing Right Wing Time % Phy DF OF
1 Tyler Brenner Michael Bournival Tyler Randell 60 1 2 2
2 Calle Jarnkrok Brandon McMillan Ryan Hartman 40 1 2 2
PowerPlay Defense
Defense Defense Time % Phy DF OF
1 Dylan Olsen Reid McNeill 60 1 2 2
2 Jake Dotchin Brenden Kichton 40 1 2 2
Penalty Kill 4 Players Forward
Center Wing Time % Phy DF OF
1 Tyler Randell Michael Bournival 60 1 2 2
2 Tyler Brenner Calle Jarnkrok 40 1 2 2
Penalty Kill 4 Players Defense
Defense Defense Time % Phy DF OF
1 Dylan Olsen Reid McNeill 60 1 2 2
2 Jake Dotchin Brenden Kichton 40 1 2 2
Penalty Kill - 3 Players Forward
Forward Time % Phy DF OF
1 Tyler Randell 60 1 2 2
2 Michael Bournival 40 1 2 2
Penalty Kill - 3 Players Defense
Defense Defense Time % Phy DF OF
1 Dylan Olsen Reid McNeill 60 1 2 2
2 Jake Dotchin Brenden Kichton 40 1 2 2
4 vs 4 Forward
Center Wing Time % Phy DF OF
1 Tyler Randell Michael Bournival 60 1 2 2
2 Tyler Brenner Calle Jarnkrok 40 1 2 2
4 vs 4 Defense
Defense Defense Time % Phy DF OF
1 Dylan Olsen Reid McNeill 60 1 2 2
2 Jake Dotchin Brenden Kichton 40 1 2 2
Last Minutes Offensive
Center Left Wing Right Wing Defense Defense
Tyler Brenner Michael Bournival Tyler Randell Dylan Olsen Reid McNeill
Last Minutes Defensive
Center Left Wing Right Wing Defense Defense
Tyler Brenner Michael Bournival Tyler Randell Dylan Olsen Reid McNeill
Goaltenders
Starting : Ilya Sorokin
Backup : Anton Forsberg
Extra Forwards
Normal : Sven Andrighetto, Nick Shore, Erik Nystrom - PP : Sven Andrighetto, Nick Shore - PK : Erik Nystrom
Extra Defensemen
Normal : Devon Teows, Rinat Valiev, Jake Dotchin - PP : Devon Teows - PK : Rinat Valiev, Jake Dotchin
Penalty Shots
Tyler Randell, Michael Bournival, Tyler Brenner, Calle Jarnkrok, Brandon McMillan
Scratches
JC Lipon (Healthy), Blake Heinrich (Left Eye Injury), Laurent Dauphin (Healthy), Mark Alt (Healthy), Brendan Leipsic (Healthy)
Lucas Wallmarkk (Healthy), Justin Kirkland (Healthy), Victor Bartley (Healthy), Anthony Angello (Healthy), Jason Kasdorf (Healthy)
Scott Wedgewood (Healthy), Zachary Fucale (Healthy)
% Time on Ice - Inferno
Lines # - Real PCT - Wanted PCT - Time Play
Normal Forward
1 - 34% - 40% - 14:01
2 - 26% - 30% - 10:50
3 - 19% - 20% - 7:55
4 - 21% - 10% - 8:32
Normal Defense
1 - 40% - 40% - 16:29
2 - 32% - 30% - 13:17
3 - 26% - 20% - 10:52
4 - 2% - 10% - 0:40
PP Forward
1 - 58% - 60% - 8:04
2 - 42% - 40% - 5:52
PP Defense
1 - 57% - 60% - 7:56
2 - 43% - 40% - 6:00
PK Forward
1 - 76% - 60% - 3:37
2 - 24% - 40% - 1:09
PK Defense
1 - 64% - 60% - 3:03
2 - 36% - 40% - 1:43
PK3 Forward
1 - 0% - 60%
2 - 0% - 40%
PK3 Defense
1 - 0% - 60%
2 - 0% - 40%
44 Forward
1 - 0% - 60%
2 - 0% - 40%
44 Defense
1 - 0% - 60%
2 - 0% - 40%
Last Minute Offensive - 0:00
Last Minute Defensive - 0:00
Total
Forward - 60:00
Defense - 60:00
|
% Time on Ice - Harfangs
Lines # - Real PCT - Wanted PCT - Time Play
Normal Forward
1 - 49% - 40% - 20:16
2 - 25% - 30% - 10:18
3 - 13% - 20% - 5:14
4 - 13% - 10% - 5:30
Normal Defense
1 - 39% - 40% - 16:15
2 - 31% - 30% - 12:45
3 - 28% - 20% - 11:35
4 - 2% - 10% - 0:43
PP Forward
1 - 75% - 60% - 3:34
2 - 25% - 40% - 1:12
PP Defense
1 - 64% - 60% - 3:04
2 - 36% - 40% - 1:42
PK Forward
1 - 72% - 60% - 10:01
2 - 28% - 40% - 3:55
PK Defense
1 - 59% - 60% - 8:12
2 - 41% - 40% - 5:44
PK3 Forward
1 - 0% - 60%
2 - 0% - 40%
PK3 Defense
1 - 0% - 60%
2 - 0% - 40%
44 Forward
1 - 0% - 60%
2 - 0% - 40%
44 Defense
1 - 0% - 60%
2 - 0% - 40%
Last Minute Offensive - 0:00
Last Minute Defensive - 0:00
Total
Forward - 60:00
Defense - 60:00
|
Play-by-Play
1st period
0:01 of 1st period - Tyler Brenner wins face-off versus Anders Lee in neutral zone.
0:06 of 1st period - Snap shot by Tyler Randell.
0:06 of 1st period - Shot Misses the Net.
0:08 of 1st period - Wrist shot by Tyler Randell.
0:08 of 1st period - Stopped by Christopher Gibson without a rebound.
0:09 of 1st period - Tyler Brenner wins face-off versus Anders Lee in Inferno zone.
0:20 of 1st period - Slapshot by Tyler Brenner.
0:20 of 1st period - Stopped by Christopher Gibson without a rebound.
0:21 of 1st period - Calle Jarnkrok wins face-off versus Vladimir Zharkov in Inferno zone.
0:34 of 1st period - Snap shot by Vladimir Zharkov.
0:34 of 1st period - Shot Misses the Net.
0:52 of 1st period - Off-side.
0:53 of 1st period - Cristoval Nieves wins face-off versus Victor Rask in neutral zone.
1:40 of 1st period - David Savard is hit by Nick Shore and loses puck.
1:47 of 1st period - Slapshot by Nick Shore.
1:47 of 1st period - Shot Blocked by Colby Robak.
1:49 of 1st period - Slapshot by Devon Teows.
1:49 of 1st period - Shot Blocked by Peter Cehlarik.
1:51 of 1st period - Slapshot by Devon Teows.
1:51 of 1st period - Shot Blocked by Colby Robak.
1:53 of 1st period - Snap shot by Nick Shore.
1:53 of 1st period - Shot Hit the Post.
2:15 of 1st period - Snap shot by Vladimir Zharkov.
2:15 of 1st period - Shot Blocked by Brandon McMillan.
2:47 of 1st period - Tyler Brenner is hit by Matthew Nieto and loses puck.
2:56 of 1st period - Backhand shot by Michael Bournival.
2:56 of 1st period - Stopped by Christopher Gibson without a rebound.
2:57 of 1st period - Vladimir Zharkov wins face-off versus Calle Jarnkrok in Inferno zone.
2:57 of 1st period - Vladimir Zharkov is hit by Ryan Hartman.
3:07 of 1st period - Slapshot by Matt Kassian.
3:07 of 1st period - Stopped by Ilya Sorokin with a rebound.
3:23 of 1st period - Michael Bournival is hit by Tanner Pearson and loses puck.
4:07 of 1st period - Off-side.
4:08 of 1st period - Ryan Spooner wins face-off versus Cristoval Nieves in neutral zone.
4:37 of 1st period - Slapshot by David Savard.
4:37 of 1st period - Stopped by Ilya Sorokin with a rebound.
4:39 of 1st period - Snap shot by David Savard.
4:39 of 1st period - Shot Blocked by Cristoval Nieves.
4:41 of 1st period - Slapshot by Colby Robak.
4:41 of 1st period - Shot Blocked by Jake Dotchin.
5:29 of 1st period - Wrist shot by Ryan Spooner.
5:29 of 1st period - Deflect By Tyler Shattock.
5:29 of 1st period - Stopped by Ilya Sorokin with a rebound.
5:31 of 1st period - Snap shot by Tyler Shattock.
5:31 of 1st period - Shot Misses the Net.
5:33 of 1st period - Snap shot by Ryan Spooner.
5:33 of 1st period - Deflect By Tyler Shattock.
5:33 of 1st period - Goal by Tyler Shattock - Inferno : 1 - Harfangs : 0.
5:34 of 1st period - Anders Lee wins face-off versus Tyler Brenner in neutral zone.
5:59 of 1st period - Dylan Olsen is hit by Matt Kassian.
6:19 of 1st period - Erik Nystrom is hit by Matthew Nieto and loses puck.
6:42 of 1st period - Anders Lee is hit by Michael Bournival and loses puck.
7:31 of 1st period - Off-side.
7:32 of 1st period - Anders Lee wins face-off versus Tyler Brenner in neutral zone.
7:39 of 1st period - Wrist shot by Tanner Pearson.
7:39 of 1st period - Shot Misses the Net.
7:41 of 1st period - Major / Game Misconduct Penalty to Tyler Brenner for Spearing.
7:41 of 1st period - Tyler Brenner is ejected from game.
7:42 of 1st period - Kevin Labanc wins face-off versus Tyler Randell in Harfangs zone.
7:45 of 1st period - Snap shot by Tanner Pearson.
7:45 of 1st period - Deflect By Michael Bournival.
7:45 of 1st period - Stopped by Ilya Sorokin with a rebound.
7:47 of 1st period - Snap shot by Kevin Labanc.
7:47 of 1st period - Goal by Kevin Labanc - Inferno : 2 - Harfangs : 0.
7:48 of 1st period - Tyler Randell wins face-off versus Anders Lee in neutral zone.
7:58 of 1st period - Dylan Olsen is hit by Colby Robak and loses puck.
8:20 of 1st period - Off-side.
8:21 of 1st period - Matt Kassian wins face-off versus Erik Nystrom in neutral zone.
8:24 of 1st period - Backhand shot by Victor Rask.
8:24 of 1st period - Stopped by Ilya Sorokin with a rebound.
12:41 of 1st period - Penalty to Tyler Brenner is over, Tyler Randell is send on ice.
12:57 of 1st period - Snap shot by Sven Andrighetto.
12:57 of 1st period - Stopped by Christopher Gibson with a rebound.
12:59 of 1st period - Backhand shot by Erik Nystrom.
12:59 of 1st period - Shot Blocked by Petteri Lindbohm.
13:17 of 1st period - Ryan Spooner is hit by Ryan Hartman and loses puck.
13:36 of 1st period - Oliver Bjorkstrand is hit by Reid McNeill and loses puck.
13:53 of 1st period - Anders Lee is hit by Nick Shore and loses puck.
15:06 of 1st period - David Savard is hit by Jake Dotchin and loses puck.
15:29 of 1st period - Colby Robak is hit by Erik Nystrom.
18:13 of 1st period - Brandon McMillan is hit by Anders Lee and loses puck.
18:26 of 1st period - Michael Bournival is hit by Ryan Spooner.
18:47 of 1st period - Devon Teows is hit by Philip Varone and loses puck.
19:39 of 1st period - Icing by Colby Robak.
19:40 of 1st period - Tyler Shattock wins face-off versus Calle Jarnkrok in Inferno zone.
19:46 of 1st period - Icing by Colby Robak.
19:47 of 1st period - Philip Varone wins face-off versus Nick Shore in Inferno zone.
19:56 of 1st period - Slapshot by Nick Shore.
19:56 of 1st period - Deflect By Philip Varone.
19:56 of 1st period - Goal by Nick Shore - Inferno : 2 - Harfangs : 1.
19:57 of 1st period - Sven Andrighetto wins face-off versus Anders Lee in neutral zone.
Goals for this period are 2 for Inferno vs 1 for Harfangs.
Shots for this period are 7 for Inferno vs 5 for Harfangs.
2nd period
0:01 of 2nd period - Anders Lee wins face-off versus Sven Andrighetto in neutral zone.
0:16 of 2nd period - Anders Lee is hit by Tyler Randell and loses puck.
1:03 of 2nd period - Snap shot by Victor Rask.
1:03 of 2nd period - Shot Misses the Net.
1:39 of 2nd period - Snap shot by Ryan Spooner.
1:39 of 2nd period - Shot Misses the Net.
1:41 of 2nd period - Slapshot by Christian Folin.
1:41 of 2nd period - Stopped by Ilya Sorokin without a rebound.
1:42 of 2nd period - Nick Shore wins face-off versus Matt Kassian in Harfangs zone.
1:44 of 2nd period - Major / Game Misconduct Penalty to Michael Bournival for Butt-ending.
1:44 of 2nd period - Michael Bournival is ejected from game.
1:45 of 2nd period - Tyler Randell wins face-off versus Anders Lee in Harfangs zone.
1:45 of 2nd period - Tyler Randell is hit by Colby Robak.
2:11 of 2nd period - Slapshot by Christian Folin.
2:11 of 2nd period - Shot Misses the Net.
2:13 of 2nd period - Wrist shot by Victor Rask.
2:13 of 2nd period - Goal by Victor Rask - Inferno : 3 - Harfangs : 1.
2:14 of 2nd period - Anders Lee wins face-off versus Tyler Randell in neutral zone.
2:17 of 2nd period - Backhand shot by Tanner Pearson.
2:17 of 2nd period - Shot Misses the Net.
2:25 of 2nd period - Snap shot by Tyler Randell.
2:25 of 2nd period - Stopped by Christopher Gibson with a rebound.
2:27 of 2nd period - Slapshot by Reid McNeill.
2:27 of 2nd period - Stopped by Christopher Gibson with a rebound.
2:48 of 2nd period - Wrist shot by David Savard.
2:48 of 2nd period - Deflect By Tyler Randell.
2:48 of 2nd period - Stopped by Ilya Sorokin with a rebound.
4:06 of 2nd period - Cristoval Nieves is hit by Tanner Pearson and loses puck.
5:27 of 2nd period - Calle Jarnkrok is hit by Oliver Bjorkstrand and loses puck.
6:44 of 2nd period - Penalty to Michael Bournival is over, Tyler Randell is send on ice.
6:46 of 2nd period - Icing by Dylan Olsen.
6:47 of 2nd period - Cristoval Nieves wins face-off versus Anders Lee in Harfangs zone.
6:47 of 2nd period - Cristoval Nieves is hit by Mathieu Brodeur.
6:54 of 2nd period - Minor Penalty to Anders Lee for Roughing.
6:55 of 2nd period - Philip Varone wins face-off versus Sven Andrighetto in Inferno zone.
6:55 of 2nd period - Philip Varone is hit by Nick Shore.
7:13 of 2nd period - Christian Folin is hit by Sven Andrighetto and loses puck.
7:30 of 2nd period - Christian Folin is hit by Brandon McMillan.
8:00 of 2nd period - Colby Robak is hit by Morgan Klimchuk.
8:27 of 2nd period - Wrist shot by Cristoval Nieves.
8:27 of 2nd period - Shot Blocked by Vladimir Zharkov.
8:29 of 2nd period - Slapshot by Reid McNeill.
8:29 of 2nd period - Stopped by Christopher Gibson with a rebound.
8:47 of 2nd period - David Savard is hit by Brenden Kichton and loses puck.
8:54 of 2nd period - Penalty to Anders Lee is over, Anders Lee is back on ice.
9:00 of 2nd period - Anders Lee is hit by Sven Andrighetto and loses puck.
9:07 of 2nd period - Slapshot by Mathieu Brodeur.
9:07 of 2nd period - Stopped by Ilya Sorokin without a rebound.
9:08 of 2nd period - Calle Jarnkrok wins face-off versus Anders Lee in Harfangs zone.
9:08 of 2nd period - Calle Jarnkrok is hit by Tanner Pearson.
9:34 of 2nd period - Sven Andrighetto is hit by Tyler Shattock and loses puck.
9:45 of 2nd period - Minor Penalty to Ryan Spooner for Boarding.
9:46 of 2nd period - Philip Varone wins face-off versus Sven Andrighetto in Inferno zone.
9:55 of 2nd period - Wrist shot by Nick Shore.
9:55 of 2nd period - Stopped by Christopher Gibson without a rebound.
9:56 of 2nd period - Philip Varone wins face-off versus Sven Andrighetto in Inferno zone.
10:07 of 2nd period - Slapshot by Dylan Olsen.
10:07 of 2nd period - Deflect By Nick Shore.
10:07 of 2nd period - Stopped by Christopher Gibson with a rebound.
10:51 of 2nd period - Brenden Kichton is hit by Christian Folin and loses puck.
11:08 of 2nd period - Slapshot by Christian Folin.
11:08 of 2nd period - Stopped by Ilya Sorokin with a rebound.
11:45 of 2nd period - Penalty to Ryan Spooner is over, Ryan Spooner is back on ice.
11:47 of 2nd period - David Savard is hit by Brandon McMillan.
12:18 of 2nd period - Off-side.
12:19 of 2nd period - Ryan Spooner wins face-off versus Calle Jarnkrok in neutral zone.
12:24 of 2nd period - Brandon McMillan is hit by Peter Cehlarik.
12:27 of 2nd period - Off-side.
12:28 of 2nd period - Sven Andrighetto wins face-off versus Philip Varone in neutral zone.
12:35 of 2nd period - Slapshot by Tyler Randell.
12:35 of 2nd period - Stopped by Christopher Gibson without a rebound.
12:36 of 2nd period - Tyler Randell wins face-off versus Philip Varone in Inferno zone.
12:37 of 2nd period - Wrist shot by Nick Shore.
12:37 of 2nd period - Stopped by Christopher Gibson without a rebound.
12:38 of 2nd period - Sven Andrighetto wins face-off versus Philip Varone in Inferno zone.
12:39 of 2nd period - Wrist shot by Tyler Randell.
12:39 of 2nd period - Stopped by Christopher Gibson without a rebound.
12:40 of 2nd period - Anders Lee wins face-off versus Sven Andrighetto in Inferno zone.
12:40 of 2nd period - Anders Lee is hit by Jake Dotchin.
12:56 of 2nd period - David Savard is hit by Sven Andrighetto and loses puck.
13:15 of 2nd period - Jake Dotchin is hit by Oliver Bjorkstrand and loses puck.
13:25 of 2nd period - Minor Penalty to Brenden Kichton for Diving.
13:26 of 2nd period - Anders Lee wins face-off versus Tyler Randell in Harfangs zone.
13:55 of 2nd period - Slapshot by David Savard.
13:55 of 2nd period - Shot Misses the Net.
13:57 of 2nd period - Wrist shot by Victor Rask.
13:57 of 2nd period - Shot Misses the Net.
14:48 of 2nd period - Jake Dotchin is hit by Victor Rask and loses puck.
15:25 of 2nd period - Penalty to Brenden Kichton is over, Brenden Kichton is back on ice.
15:47 of 2nd period - Ryan Spooner is hit by Ryan Hartman and loses puck.
16:14 of 2nd period - Petteri Lindbohm is hit by Brenden Kichton and loses puck.
16:35 of 2nd period - Snap shot by Ryan Spooner.
16:35 of 2nd period - Stopped by Ilya Sorokin with a rebound.
16:37 of 2nd period - Slapshot by Christian Folin.
16:37 of 2nd period - Deflect By Tyler Shattock.
16:37 of 2nd period - Stopped by Ilya Sorokin without a rebound.
16:38 of 2nd period - Cristoval Nieves wins face-off versus Anders Lee in Harfangs zone.
16:56 of 2nd period - Wrist shot by Philip Varone.
16:56 of 2nd period - Shot Misses the Net.
17:51 of 2nd period - Snap shot by Anders Lee.
17:51 of 2nd period - Stopped by Ilya Sorokin with a rebound.
17:53 of 2nd period - Wrist shot by Philip Varone.
17:53 of 2nd period - Stopped by Ilya Sorokin without a rebound.
17:54 of 2nd period - Philip Varone wins face-off versus Erik Nystrom in Harfangs zone.
17:57 of 2nd period - Wrist shot by Vladimir Zharkov.
17:57 of 2nd period - Shot Misses the Net.
18:16 of 2nd period - David Savard is hit by Brenden Kichton and loses puck.
18:21 of 2nd period - Snap shot by Anders Lee.
18:21 of 2nd period - Stopped by Ilya Sorokin with a rebound.
18:37 of 2nd period - Slapshot by Christian Folin.
18:37 of 2nd period - Shot Blocked by Dylan Olsen.
18:39 of 2nd period - Wrist shot by Oliver Bjorkstrand.
18:39 of 2nd period - Shot Misses the Net.
18:43 of 2nd period - Snap shot by Matthew Nieto.
18:43 of 2nd period - Shot Hit the Post.
18:45 of 2nd period - Snap shot by Matthew Nieto.
18:45 of 2nd period - Deflect By Nick Shore.
18:45 of 2nd period - Shot Misses the Net.
18:45 of 2nd period - Puck is out of play.
18:46 of 2nd period - Philip Varone wins face-off versus Tyler Randell in Harfangs zone.
18:51 of 2nd period - Snap shot by Philip Varone.
18:51 of 2nd period - Shot Misses the Net.
18:53 of 2nd period - Slapshot by Mathieu Brodeur.
18:53 of 2nd period - Shot Blocked by Nick Shore.
18:55 of 2nd period - Slapshot by Petteri Lindbohm.
18:55 of 2nd period - Shot Blocked by Sven Andrighetto.
18:57 of 2nd period - Slapshot by Vladimir Zharkov.
18:57 of 2nd period - Deflect By Philip Varone.
18:57 of 2nd period - Shot Blocked by Reid McNeill.
18:57 of 2nd period - Puck is out of play.
18:58 of 2nd period - Calle Jarnkrok wins face-off versus Anders Lee in Harfangs zone.
18:58 of 2nd period - Calle Jarnkrok is hit by David Savard.
19:06 of 2nd period - Snap shot by Kevin Labanc.
19:06 of 2nd period - Shot Blocked by Ryan Hartman.
19:24 of 2nd period - Dylan Olsen is hit by Vladimir Zharkov and loses puck.
19:54 of 2nd period - Wrist shot by Matthew Nieto.
19:54 of 2nd period - Stopped by Ilya Sorokin with a rebound.
Goals for this period are 1 for Inferno vs 0 for Harfangs.
Shots for this period are 11 for Inferno vs 8 for Harfangs.
3rd period
0:01 of 3rd period - Sven Andrighetto wins face-off versus Anders Lee in neutral zone.
0:03 of 3rd period - Off-side.
0:04 of 3rd period - Tanner Pearson wins face-off versus Sven Andrighetto in neutral zone.
0:11 of 3rd period - Wrist shot by Anders Lee.
0:11 of 3rd period - Goal by Anders Lee - Inferno : 4 - Harfangs : 1.
0:11 of 3rd period - Anton Forsberg enters game.
0:12 of 3rd period - Tyler Randell wins face-off versus Anders Lee in neutral zone.
0:39 of 3rd period - Philip Varone is hit by Reid McNeill and loses puck.
0:44 of 3rd period - Snap shot by Brandon McMillan.
0:44 of 3rd period - Stopped by Christopher Gibson without a rebound.
0:45 of 3rd period - Calle Jarnkrok wins face-off versus Anders Lee in Inferno zone.
1:17 of 3rd period - Slapshot by Dylan Olsen.
1:17 of 3rd period - Stopped by Christopher Gibson with a rebound.
1:19 of 3rd period - Slapshot by Sven Andrighetto.
1:19 of 3rd period - Shot Blocked by Matt Kassian.
1:35 of 3rd period - Slapshot by Matthew Nieto.
1:35 of 3rd period - Shot Misses the Net.
2:25 of 3rd period - Icing by Nick Sorensen.
2:26 of 3rd period - Vladimir Zharkov wins face-off versus Erik Nystrom in Harfangs zone.
2:33 of 3rd period - Snap shot by Philip Varone.
2:33 of 3rd period - Stopped by Anton Forsberg with a rebound.
3:37 of 3rd period - Wrist shot by Philip Varone.
3:37 of 3rd period - Shot Blocked by Brenden Kichton.
3:39 of 3rd period - Wrist shot by Matt Kassian.
3:39 of 3rd period - Shot Misses the Net.
3:41 of 3rd period - Snap shot by Philip Varone.
3:41 of 3rd period - Stopped by Anton Forsberg without a rebound.
3:42 of 3rd period - Cristoval Nieves wins face-off versus Tanner Pearson in Harfangs zone.
3:42 of 3rd period - Cristoval Nieves is hit by Christian Folin.
3:48 of 3rd period - Tanner Pearson is hit by Morgan Klimchuk and loses puck.
3:57 of 3rd period - Morgan Klimchuk is hit by Kevin Labanc and loses puck.
4:13 of 3rd period - Slapshot by Rinat Valiev.
4:13 of 3rd period - Stopped by Christopher Gibson with a rebound.
4:15 of 3rd period - Slapshot by Devon Teows.
4:15 of 3rd period - Stopped by Christopher Gibson without a rebound.
4:16 of 3rd period - Philip Varone wins face-off versus Calle Jarnkrok in Inferno zone.
4:29 of 3rd period - Wrist shot by Brandon McMillan.
4:29 of 3rd period - Shot Misses the Net.
4:43 of 3rd period - Rinat Valiev is hit by Tanner Pearson and loses puck.
4:49 of 3rd period - Off-side.
4:50 of 3rd period - Anders Lee wins face-off versus Sven Andrighetto in neutral zone.
4:55 of 3rd period - Snap shot by Christian Folin.
4:55 of 3rd period - Deflect By Tanner Pearson.
4:55 of 3rd period - Stopped by Anton Forsberg with a rebound.
5:49 of 3rd period - Snap shot by Calle Jarnkrok.
5:49 of 3rd period - Shot Misses the Net.
5:51 of 3rd period - Snap shot by Brandon McMillan.
5:51 of 3rd period - Stopped by Christopher Gibson with a rebound.
6:23 of 3rd period - Wrist shot by Brandon McMillan.
6:23 of 3rd period - Deflect By Ryan Hartman.
6:23 of 3rd period - Stopped by Christopher Gibson without a rebound.
6:24 of 3rd period - Philip Varone wins face-off versus Calle Jarnkrok in Inferno zone.
6:26 of 3rd period - Minor Penalty to David Savard for Holding.
6:27 of 3rd period - Sven Andrighetto wins face-off versus Philip Varone in Inferno zone.
7:08 of 3rd period - Wrist shot by Tyler Randell.
7:08 of 3rd period - Stopped by Christopher Gibson without a rebound.
7:09 of 3rd period - Calle Jarnkrok wins face-off versus Anders Lee in Inferno zone.
7:12 of 3rd period - Snap shot by Calle Jarnkrok.
7:12 of 3rd period - Shot Blocked by Anders Lee.
7:14 of 3rd period - Slapshot by Brenden Kichton.
7:14 of 3rd period - Goal by Brenden Kichton - Inferno : 4 - Harfangs : 2.
7:15 of 3rd period - Anders Lee wins face-off versus Sven Andrighetto in neutral zone.
7:26 of 3rd period - Snap shot by Tyler Randell.
7:26 of 3rd period - Shot Misses the Net.
7:28 of 3rd period - Slapshot by Dylan Olsen.
7:28 of 3rd period - Stopped by Christopher Gibson without a rebound.
7:29 of 3rd period - Anders Lee wins face-off versus Sven Andrighetto in Inferno zone.
7:40 of 3rd period - Wrist shot by Kevin Labanc.
7:40 of 3rd period - Stopped by Anton Forsberg with a rebound.
7:42 of 3rd period - Slapshot by Kevin Labanc.
7:42 of 3rd period - Stopped by Anton Forsberg without a rebound.
7:43 of 3rd period - Anders Lee wins face-off versus Nick Shore in Harfangs zone.
7:47 of 3rd period - Minor Penalty to Sven Andrighetto for Goalie Interference.
7:48 of 3rd period - Erik Nystrom wins face-off versus Anders Lee in Harfangs zone.
8:52 of 3rd period - Victor Rask is hit by Brenden Kichton and loses puck.
9:47 of 3rd period - Penalty to Sven Andrighetto is over, Sven Andrighetto is back on ice.
9:57 of 3rd period - Snap shot by Tyler Shattock.
9:57 of 3rd period - Shot Misses the Net.
10:03 of 3rd period - Slapshot by Ryan Spooner.
10:03 of 3rd period - Shot Blocked by Calle Jarnkrok.
10:05 of 3rd period - Snap shot by Tyler Shattock.
10:05 of 3rd period - Shot Misses the Net.
10:07 of 3rd period - Wrist shot by Peter Cehlarik.
10:07 of 3rd period - Shot Misses the Net.
10:17 of 3rd period - Mathieu Brodeur is hit by Reid McNeill and loses puck.
10:42 of 3rd period - Wrist shot by Brandon McMillan.
10:42 of 3rd period - Shot Misses the Net.
11:17 of 3rd period - Ryan Spooner is hit by Ryan Hartman and loses puck.
13:59 of 3rd period - Wrist shot by Victor Rask.
13:59 of 3rd period - Shot Hit the Post.
14:11 of 3rd period - Brenden Kichton is hit by Tyler Shattock and loses puck.
14:35 of 3rd period - Rinat Valiev is hit by Philip Varone.
14:50 of 3rd period - Christian Folin is hit by Tyler Randell and loses puck.
14:57 of 3rd period - Erik Nystrom is hit by Victor Rask and loses puck.
15:13 of 3rd period - Erik Nystrom is hit by David Savard and loses puck.
15:31 of 3rd period - Matt Kassian is hit by Morgan Klimchuk.
16:08 of 3rd period - Ryan Hartman is hit by Anders Lee and loses puck.
16:52 of 3rd period - Nick Sorensen is hit by David Savard and loses puck.
17:01 of 3rd period - Kevin Labanc is hit by Nick Sorensen and loses puck.
17:18 of 3rd period - Wrist shot by Brandon McMillan.
17:18 of 3rd period - Shot Misses the Net.
17:20 of 3rd period - Wrist shot by Nick Sorensen.
17:20 of 3rd period - Shot Blocked by Anders Lee.
17:22 of 3rd period - Snap shot by Brandon McMillan.
17:22 of 3rd period - Shot Misses the Net.
17:24 of 3rd period - Snap shot by Dylan Olsen.
17:24 of 3rd period - Shot Blocked by Colby Robak.
17:26 of 3rd period - Wrist shot by Brandon McMillan.
17:26 of 3rd period - Stopped by Christopher Gibson with a rebound.
17:52 of 3rd period - Wrist shot by Kevin Labanc.
17:52 of 3rd period - Stopped by Anton Forsberg without a rebound.
17:53 of 3rd period - Oliver Bjorkstrand wins face-off versus Nick Shore in Harfangs zone.
17:56 of 3rd period - Wrist shot by Matthew Nieto.
17:56 of 3rd period - Shot Misses the Net.
17:58 of 3rd period - Slapshot by Oliver Bjorkstrand.
17:58 of 3rd period - Deflect By Matthew Nieto.
17:58 of 3rd period - Stopped by Anton Forsberg with a rebound.
18:00 of 3rd period - Wrist shot by Christian Folin.
18:00 of 3rd period - Stopped by Anton Forsberg with a rebound.
19:29 of 3rd period - Tyler Shattock is hit by Ryan Hartman and loses puck.
19:48 of 3rd period - Snap shot by David Savard.
19:48 of 3rd period - Stopped by Anton Forsberg with a rebound.
19:50 of 3rd period - Snap shot by Victor Rask.
19:50 of 3rd period - Shot Misses the Net.
19:52 of 3rd period - Wrist shot by Petteri Lindbohm.
19:52 of 3rd period - Shot Misses the Net.
Goals for this period are 1 for Inferno vs 1 for Harfangs.
Shots for this period are 10 for Inferno vs 10 for Harfangs.
Back to the Top